 Dungeon Sprint DCSS version 0.18-a0-455-gc7d4c65 (webtiles) character file.

228745 Kidiri the Ninja (level 17, -3/72 (83) HPs)
             Began as a Spriggan Enchanter on Dec 1, 2015.
             Was the Champion of Dithmenos.
             Slain by an Orb Guardian (60 damage)
             ... in the Dungeon (Sprint III: "The Ten Rune Challenge").
             The game lasted 01:22:58 (16087 turns).

Kidiri the Ninja (Spriggan Enchanter)              Turns: 16087, Time: 01:22:59

HP:   -3/72 (83)    AC: 10    Str:  4    XL:     17   Next: 75%
MP:   23/44         EV: 42    Int: 29    God:    Dithmenos [******]
Gold: 2101          SH: 10    Dex: 22    Spells: 16 memorised, 3 levels left

rFire  + . .     SeeInvis +     w - +6 quick blade
rCold  + + +     Clarity  .     q - +2 robe {Archmagi}
rNeg   + . .     SustAt   .     k - +0 buckler {reflect}
rPois  +         Gourm    .     s - +2 hat
rElec  .         Spirit   .     n - +2 cloak {rPois}
rCorr  .         Dsmss    .     (gloves unavailable)
rMut   .         NoTele   +     (boots unavailable)
MR     ++...                    y - amulet of regeneration
Stlth  ++++++++++               N - ring of Amorality {rF+ rC+++ rN+ Int+4 Stlth-}
                                M - ring "Latymumi" {rC+ Int+5 Dex+2}

@: wreathed by umbra, very quick, very resistant to hostile enchantments,
uncannily stealthy
A: unfitting armour, see invisible, herbivore 3, speed 3, frail 1, slow
regeneration 1, slow metabolism 2
a: Shadow Step, Shadow Form, Renounce Religion
}: 3/10 runes: barnacled, silver, golden


You were in the Dungeon.
You worshipped Dithmenos.
Dithmenos was exalted by your worship.
You were not hungry.

You visited 1 branch You collected 4889 gold pieces.
You spent 2788 gold pieces at shops.

Inventory:

Hand Weapons
 w - a +6 quick blade (weapon)
Missiles
 c - 12 throwing nets (quivered)
Armour
 b - the +1 fire dragon armour of Daisies {rF++ rC- Regen+ Int-2 Dex+7}
   (You acquired it in the Dungeon)

   It affects your intelligence (-2).
   It affects your dexterity (+7).
   It greatly protects you from fire.
   It makes you vulnerable to cold.
   It increases your rate of regeneration.
 k - a +0 buckler of reflection (worn)
 n - a +2 cloak of poison resistance (worn)
 q - a +2 robe of the Archmagi (worn)
 s - a +2 hat (worn)
Jewellery
 h - an uncursed ring of flight
 l - the ring "Liac Goff" {rElec rC+ Dex+5}
   (You acquired it in the Dungeon)

   [ring of dexterity]

   It affects your dexterity (+5).
   It protects you from cold.
   It insulates you from electricity.
 x - an uncursed ring of protection from fire
 y - an amulet of regeneration (around neck)
 z - an uncursed amulet of clarity
 M - the ring "Latymumi" (left hand) {rC+ Int+5 Dex+2}
   (You took it off a deep elf master archer in the Dungeon)

   [ring of protection from cold]

   It affects your intelligence (+5).
   It affects your dexterity (+2).
   It protects you from cold.
 N - the ring of Amorality (right hand) {rF+ rC+++ rN+ Int+4 Stlth-}
   (You took it off a deep elf annihilator in the Dungeon)

   [ring of protection from fire]

   It affects your intelligence (+4).
   It protects you from fire.
   It renders you almost immune to cold.
   It protects you from negative energy.
   It makes you less stealthy.
Wands
 v - a wand of disintegration (11)
 C - a wand of polymorph (18)
Scrolls
 j - 3 scrolls of blinking
 o - 3 scrolls of recharging
 t - a scroll of remove curse
 A - 8 scrolls of identify
 O - 3 scrolls of amnesia
 Q - 2 scrolls of silence
Potions
 a - a potion of resistance
 d - 5 potions of curing
 e - a potion of brilliance
 g - a potion of haste
 m - 8 potions of flight
 p - 3 potions of cure mutation
 r - 2 potions of might
Comestibles
 i - 21 royal jellies


   Skills:
 + Level 12.2 Fighting
 * Level 21.1 Short Blades
 + Level 11.5 Armour
 * Level 26.0 Dodging
 O Level 27 Stealth
 + Level 11.7 Shields
 * Level 22.5 Spellcasting
 + Level 11.2 Conjurations
 + Level 17.1 Hexes
 + Level 15.4 Charms
 + Level 15.5 Translocations
 + Level 14.4 Transmutations
 + Level 12.4 Ice Magic
 + Level 12.9 Air Magic
 + Level 10.5 Earth Magic
 + Level 13.8 Poison Magic
 - Level 2.0 Invocations


You had 3 spell levels left.
You knew the following spells:

 Your Spells              Type           Power        Failure   Level  Hunger
a - Corona                Hex            #######      0%          1    None
b - Ensorcelled Hibernat  Hex/Ice        ######       0%          2    None
c - Confuse               Hex            ########     0%          3    None
d - Tukima's Dance        Hex            ########     0%          3    None
e - Dazzling Spray        Conj/Hex       ########     0%          3    None
f - Cure Poison           Pois           ########..   0%          2    None
g - Mephitic Cloud        Conj/Pois/Air  ########     1%          3    None
h - Olgreb's Toxic Radia  Pois           ########     1%          4    None
i - Venom Bolt            Conj/Pois      ########..   1%          5    None
j - Swiftness             Chrm/Air       ########     0%          2    None
k - Passwall              Trmt/Erth      ########..   1%          3    None
l - Passage of Golubria   Tloc           N/A          1%          4    None
m - Lee's Rapid Deconstr  Erth           #######...   1%          5    None
n - Darkness              Hex            ########..   1%          6    None
o - Invisibility          Hex            ########     1%          6    None
p - Iron Shot             Conj/Erth      #######...   1%          6    None


Dungeon Overview and Level Annotations

Branches:
Dungeon (1/1)

Altars:
Cheibriados
Dithmenos
Elyvilon
Fedhas
Gozag
Kikubaaqudgha
Makhleb
Nemelex Xobeh
Okawaru
Qazlal
Ru
Sif Muna
Trog
Vehumet
Xom
Yredelemnul
Zin
The Shining One
Beogh
Jiyva
Lugonu

Shops:
D [%}:(!%[}%%!=([}?}%?[[:


Innate Abilities, Weirdness & Mutations

You are tiny and cannot use many weapons and most armour.
You have supernaturally acute eyesight.
You are a herbivore.
You cover ground extremely quickly.
You need consume almost no food.
You are frail (-10% HP).
You regenerate slowly when monsters are visible.


Message History

Aim: an Orb Guardian (black smoke, lightly wounded, berserk, fast, unusually strong, umbra, chance to defeat MR: 13%)
You feel a surge of power!
The Orb Guardian resists with almost no effort.
Your shadow mimicks your spell!
The Orb Guardian resists with almost no effort.
The Orb Guardian completely misses you.
You hear a distant "Zot"!
The Orb Guardian closely misses you.
Casting: Confuse
Confirm with . or Enter, or press ? or * to list all spells.
Aiming: Confuse
Press: ? - help, Shift-Dir - straight line, f/p - Orb Guardian
Aim: an Orb Guardian (black smoke, lightly wounded, berserk, fast, unusually strong, umbra, chance to defeat MR: 13%)
You feel a surge of power!
The Orb Guardian resists with almost no effort.
Your shadow mimicks your spell!
The Orb Guardian resists with almost no effort.
The Orb Guardian hits you!!!
Ouch! That really hurt!
You die...

.≈≈.#..##......▓..#^.#......|.#..
.≈≈.#######+###▓^.#..#+########^.
..≈.#..+≈⌠...≈[▓..#..#...........
..≈≈+..#≈≈.≈.≈.▓..+..#...........
≈≈≈(#..#.≈.≈.≈.▓#################
.)(.#..#...≈...▓▓▓▓▓▓▓▓
###+#######+###▓%Cy^^.▓
.#.#.#.#.#.#.#.▓X▓.y..▓
#.#.#.#.#.#.#.#▓@▓....▓
.#.#.#.#.#.#.#.▓.▓▓'▓▓▓
###▓▓▓▓▓▓▓▓▓▓▓▓▓.▓...
...▓...)'P.PP▓.'.▓.XC.
)..▓....▓))PP▓.▓▓▓.C..▓
...'....▓PP).▓.▓ +..y.▓
...▓....▓P...▓.▓ ▓▓▓▓▓▓
...▓....▓P.P.▓.▓ ###▓:...▓PPP.'.▓


You could see a fire giant and an Orb Guardian (berserk).

Vanquished Creatures
  Mara (D)
  Mennas (D)
  2 greater mummies (D)
  Boris (D)
  Norris (D)
  A Killer Klown (D)
  Nikola (D)
  2 golden dragons (D)
  3 bone dragons (D)
  A lich (D)
  Rupert (D)
  An Orb Guardian (D)
  3 quicksilver dragons (D)
  5 deep elf blademasters (D)
  A deep elf master archer (D)
  A kraken (D)
  An ancient champion (D)
  2 sphinxes (D)
  Gastronok (D)
  Chuck (D)
  An Executioner (D)
  4 shadow dragons (D)
  A storm dragon (D)
  Dowan (D)
  4 azure jellies (D)
  Roxanne (D)
  A fire giant (D)
  2 draconian knights (D)
  Maud (D)
  A deep elf demonologist (D)
  A vampire knight (D)
  2 deep elf annihilators (D)
  A yellow draconian (D)
  Azrael (D)
  2 dire elephants (D)
  13 vault guards (D)
  2 deep elf death magi (D)
  A green death (D)
  9 mummy priests (D)
  A fire dragon (D)
  Josephine (D)
  3 yaktaur captains (D)
  2 hydras (D)
  3 centaur warriors (D)
  An ogre mage (D)
  4 alligator snapping turtles (D)
  4 dancing weapons (D)
  A titan zombie (D)
  4 death yaks (D)
  3 orc high priests (D)
  3 deep elf knights (D)
  A shadow wraith (D)
  3 death drakes (D)
  A golden dragon zombie (D)
  A death drake (shapeshifter) (D)
  9 skeletal warriors (D)
  2 unseen horrors (D)
  A deep elf summoner (D)
  A spriggan druid (D)
  2 obsidian statues (D)
  A lindwurm (D)
  6 ugly things (D)
  A giant orange brain (D)
  3 hornets (D)
  4 crystal guardians (D)
  2 deep elf conjurers (D)
  2 oklob plants (D)
  A shining eye (D)
  2 elephants (D)
  2 black mambas (D)
  2 iron troll simulacra (D)
  8 statues (D)
  2 stone giant skeletons (D)
  A molten gargoyle (D)
  Duvessa (D)
  2 yaktaurs (D)
  2 spiny frogs (D)
  An anaconda simulacrum (D)
  21 guardian mummies (D)
  A fire drake (D)
  3 wandering mushrooms (D)
  2 deep elf priests (D)
  A queen bee (D)
  4 spriggan defenders (D)
  A komodo dragon (D)
  2 giant leeches (D)
  8 blink frogs (D)
  10 slime creatures (D)
  A slime creature (shapeshifter) (D)
  A boulder beetle (shapeshifter) (D)
  A shadow (D)
  2 snapping turtles (D)
  2 spriggans (D)
  3 redbacks (D)
  A golden eye (D)
  A spatial vortex (D)
  A hydra simulacrum (D)
  A swamp drake (D)
  2 orc warriors (D)
  2 centaurs (D)
  A swamp dragon skeleton (D)
  An earth elemental (D)
  A necrophage (D)
  A water elemental (D)
  A scorpion (D)
  32 killer bees (D)
  An electric eel (D)
  A jelly (D)
  A wizard (D)
  4 orc priests (D)
  An orc wizard (D)
  2 necromancers (D)
  3 humans (D)
  A kobold demonologist (D)
  2 giant eyeballs (D)
  12 orcs (D)
  A bat zombie (D)
  A bat simulacrum (D)
  4 rats (D)
  2 ballistomycetes (D)
  7 bushes (D)
  11 butterflies (D)
  A giant spore (D)
  13 plants (D)
350 creatures vanquished.

Vanquished Creatures (collateral kills)
  A frost giant (D)
  2 vampire knights (D)
  4 vault guards (D)
7 creatures vanquished.

Vanquished Creatures (others)
  2 draconian scorchers (D)
  Nessos (D)
  A vault guard (D)
  A mummy priest (D)
  2 dancing weapons (D)
  5 ball lightnings (D)
  3 yaktaurs (D)
  A guardian mummy (D)
  An electric eel (D)
  A ballistomycete (D)
  A bush (D)
  2 giant spores (D)
  6 plants (D)
  25 tentacles (D)
  144 tentacle segments (D)
196 creatures vanquished.

Grand Total: 553 creatures vanquished

Notes
Turn   | Place    | Note
--------------------------------------------------------------
     0 | D        | Kidiri the Spriggan Enchanter began the quest for the Orb.
     0 | D        | Reached XP level 1. HP: 9/9 MP: 5/5
   193 | D        | Killed an electric eel
   199 | D        | Reached skill level 1 in Fighting
   199 | D        | Reached skill level 1 in Armour
   199 | D        | Reached skill level 5 in Stealth
   199 | D        | Reached XP level 2. HP: 12/14 MP: 3/7
   207 | D        | Learned a level 2 spell: Ensorcelled Hibernation
   207 | D        | Killed a white draconian scorcher
   250 | D        | Noticed a scorpion
   257 | D        | Killed a scorpion
   257 | D        | Reached skill level 5 in Dodging
   257 | D        | Reached skill level 6 in Stealth
   257 | D        | Reached skill level 1 in Ice Magic
   257 | D        | Reached XP level 3. HP: 18/18 MP: 8/10
   257 | D        | Reached XP level 4. HP: 22/22 MP: 8/11
   262 | D        | Learned a level 3 spell: Confuse
   266 | D        | Learned a level 3 spell: Dazzling Spray
   270 | D        | Learned a level 3 spell: Tukima's Dance
   296 | D        | Killed a white draconian scorcher
   299 | D        | Gained mutation: Your spells are a little easier to cast, but a little less powerful. [potion of mutation]
   299 | D        | Gained mutation: You are clumsy. (Dex -2) [potion of mutation]
   299 | D        | Gained mutation: You are partially covered in molten scales (AC +1). [potion of mutation]
   300 | D        | Gained mutation: Your muscles are strong. (Str +2) [potion of mutation]
   300 | D        | Gained mutation: Your movements are slightly less encumbered by armour (ER -2). [potion of mutation]
   300 | D        | Gained mutation: You are very clumsy. (Dex -4) [potion of mutation]
   301 | D        | Gained mutation: You are somewhat resistant to further mutation. [potion of mutation]
   301 | D        | Gained mutation: Potions and wands are less effective at restoring your health. [potion of mutation]
   301 | D        | Gained mutation: Your body sometimes deteriorates upon taking damage. [potion of mutation]
   302 | D        | Lost mutation: Your body sometimes deteriorates upon taking damage. [potion of cure mutation]
   302 | D        | Lost mutation: Your muscles are strong. (Str +2) [potion of cure mutation]
   302 | D        | Lost mutation: You are somewhat resistant to further mutation. [potion of cure mutation]
   302 | D        | Lost mutation: Potions and wands are less effective at restoring your health. [potion of cure mutation]
   302 | D        | Lost mutation: You are very clumsy. (Dex -4) [potion of cure mutation]
   303 | D        | Lost mutation: You are clumsy. (Dex -2) [potion of cure mutation]
   303 | D        | Lost mutation: Your spells are a little easier to cast, but a little less powerful. [potion of cure mutation]
   303 | D        | Lost mutation: Your movements are slightly less encumbered by armour (ER -2). [potion of cure mutation]
   303 | D        | Lost mutation: You are partially covered in molten scales (AC +1). [potion of cure mutation]
   307 | D        | Killed a yaktaur
   352 | D        | Reached skill level 7 in Stealth
   352 | D        | Reached skill level 5 in Spellcasting
   434 | D        | Noticed a shadow
   436 | D        | Killed a shadow
   436 | D        | Reached skill level 5 in Short Blades
   436 | D        | Reached skill level 8 in Dodging
   436 | D        | Reached skill level 9 in Stealth
   436 | D        | Reached skill level 1 in Conjurations
   436 | D        | Reached skill level 5 in Hexes
   436 | D        | Reached XP level 5. HP: 27/27 MP: 13/15
   436 | D        | Reached XP level 6. HP: 32/32 MP: 13/16
   465 | D        | Found a stormy altar of Qazlal.
   466 | D        | Found a sacrificial altar of Ru.
   466 | D        | Found a burning altar of Makhleb.
   466 | D        | Found a viscous altar of Jiyva.
   466 | D        | Found a shimmering altar of Xom.
   466 | D        | Found a shadowy altar of Dithmenos.
   466 | D        | Found a sparkling altar of Nemelex Xobeh.
   466 | D        | Found a corrupted altar of Lugonu.
   466 | D        | Found an opulent altar of Gozag.
   466 | D        | Noticed a spatial vortex
   470 | D        | Became a worshipper of Dithmenos the Shadowed
   488 | D        | Killed a spatial vortex
   488 | D        | Reached skill level 10 in Stealth
   488 | D        | Reached skill level 1 in Invocations
   605 | D        | Found a radiant altar of Vehumet.
   606 | D        | Found a deep blue altar of Sif Muna.
   606 | D        | Found an ancient bone altar of Kikubaaqudgha.
   621 | D        | Learned a level 2 spell: Cure Poison
   625 | D        | Learned a level 3 spell: Mephitic Cloud
   635 | D        | Found a glowing silver altar of Zin.
   636 | D        | Found a glowing golden altar of the Shining One.
   636 | D        | Found a white marble altar of Elyvilon.
   636 | D        | Noticed a deep elf priest
   638 | D        | Killed a deep elf priest
   638 | D        | Reached * piety under Dithmenos
   638 | D        | Reached skill level 1 in Air Magic
   638 | D        | Reached skill level 1 in Poison Magic
   638 | D        | Reached XP level 7. HP: 36/36 MP: 17/19
   646 | D        | Learned a level 4 spell: Olgreb's Toxic Radiance
   712 | D        | Found an iron altar of Okawaru.
   713 | D        | Found a bloodstained altar of Trog.
   713 | D        | Noticed a human
   713 | D        | Noticed a human
   715 | D        | Killed a human
   715 | D        | Reached skill level 10 in Dodging
   715 | D        | Reached skill level 11 in Stealth
   716 | D        | Killed a human
   733 | D        | Found a snail-covered altar of Cheibriados.
   734 | D        | Found a basalt altar of Yredelemnul.
   734 | D        | Found a blossoming altar of Fedhas.
   735 | D        | Reached ** piety under Dithmenos
   735 | D        | Reached XP level 8. HP: 42/42 MP: 21/21
   757 | D        | Noticed Josephine
   759 | D        | Killed Josephine
   759 | D        | Reached skill level 12 in Stealth
   767 | D        | Learned a level 5 spell: Venom Bolt
   779 | D        | Noticed a centaur warrior
   782 | D        | Killed a centaur warrior
   782 | D        | Reached *** piety under Dithmenos
   782 | D        | Reached skill level 13 in Stealth
   782 | D        | Reached skill level 10 in Spellcasting
   782 | D        | Reached XP level 9. HP: 46/46 MP: 22/24
   801 | D        | Noticed an unseen horror
   801 | D        | Noticed an unseen horror
   806 | D        | Killed an unseen horror
   810 | D        | Killed an unseen horror
   824 | D        | Reached **** piety under Dithmenos
   824 | D        | Reached skill level 5 in Fighting
   825 | D        | Reached skill level 14 in Stealth
   825 | D        | Reached XP level 10. HP: 44/51 MP: 17/25
   826 | D        | Reached skill level 5 in Ice Magic
   826 | D        | Reached ***** piety under Dithmenos
   826 | D        | Reached skill level 10 in Short Blades
   837 | D        | Reached ****** piety under Dithmenos
   854 | D        | Reached skill level 5 in Poison Magic
  1009 | D        | Reached skill level 5 in Armour
  1056 | D        | Reached skill level 15 in Stealth
  1057 | D        | Reached skill level 5 in Air Magic
  1082 | D        | Noticed a lindwurm
  1085 | D        | Killed a lindwurm
  1085 | D        | Reached XP level 11. HP: 56/56 MP: 24/28
  1088 | D        | Reached skill level 5 in Conjurations
  1095 | D        | Noticed Maud
  1097 | D        | Killed Maud
  1105 | D        | Noticed an eight-headed hydra
  1105 | D        | Noticed a five-headed hydra
  1107 | D        | Killed an eight-headed hydra
  1107 | D        | Reached skill level 15 in Dodging
  1107 | D        | Reached skill level 16 in Stealth
  1222 | D        | Killed a five-headed hydra
  1264 | D        | Noticed a death drake
  1266 | D        | Killed a death drake
  1273 | D        | Found a blossoming altar of Fedhas.
  1273 | D        | Noticed a spriggan druid
  1275 | D        | Killed a spriggan druid
  1325 | D        | Noticed a death drake
  1327 | D        | Killed a death drake
  1327 | D        | Reached skill level 10 in Hexes
  1331 | D        | Noticed a death drake
  1332 | D        | Found Sonnus's Antique Weapon Emporium.
  1333 | D        | Killed a death drake
  1336 | D        | Found Kusch's Distillery.
  1436 | D        | Reached skill level 17 in Stealth
  1464 | D        | Noticed Rupert
  1466 | D        | Killed Rupert
  1466 | D        | Reached XP level 12. HP: 62/62 MP: 25/30
  1492 | D        | Noticed an azure jelly
  1492 | D        | Noticed an azure jelly
  1502 | D        | Reached skill level 18 in Stealth
  1561 | D        | Noticed a kraken
  2311 | D        | Killed a kraken
  2490 | D        | Noticed an alligator snapping turtle
  2490 | D        | Noticed an alligator snapping turtle
  2491 | D        | Found Jykkov's Antique Armour Shoppe.
  2491 | D        | Found Buufu's Food Boutique.
  2491 | D        | Found Jaumycee's Gadget Shop.
  2491 | D        | Noticed an alligator snapping turtle
  2491 | D        | Noticed an alligator snapping turtle
  2493 | D        | Killed an alligator snapping turtle
  2494 | D        | Killed an alligator snapping turtle
  2497 | D        | Killed an alligator snapping turtle
  2499 | D        | Killed an alligator snapping turtle
  2504 | D        | Got a barnacled rune of Zot
  2550 | D        | Noticed an azure jelly
  2550 | D        | Noticed an azure jelly
  2551 | D        | Noticed a dire elephant
  2551 | D        | Noticed a dire elephant
  2551 | D        | Noticed Gastronok
  2553 | D        | Killed Gastronok
  2553 | D        | Reached skill level 19 in Stealth
  2553 | D        | Reached skill level 15 in Spellcasting
  2554 | D        | Killed a dire elephant
  2554 | D        | Reached XP level 13. HP: 68/68 MP: 31/33
  2567 | D        | Killed a dire elephant
  2789 | D        | Found a roughly hewn altar of Beogh.
  2790 | D        | Found Wyxkow's Book Emporium.
  2910 | D        | Bought a book of Burglary for 825 gold pieces
  2913 | D        | Learned a level 2 spell: Swiftness
  2917 | D        | Learned a level 3 spell: Passwall
  2922 | D        | Learned a level 4 spell: Passage of Golubria
  2928 | D        | Learned a level 5 spell: Lee's Rapid Deconstruction
  2990 | D        | Noticed a deep elf annihilator
  2995 | D        | Reached skill level 1 in Charms
  2995 | D        | Reached skill level 1 in Transmutations
  2997 | D        | Reached skill level 1 in Translocations
  2997 | D        | Reached skill level 1 in Earth Magic
  3044 | D        | Noticed a deep elf demonologist
  3115 | D        | Killed a deep elf demonologist
  3118 | D        | Noticed a deep elf master archer
  3121 | D        | Reached skill level 1 in Shields
  3121 | D        | HP: 1/68 [deep elf master archer/arrow (47)]
  4103 | D        | Killed a deep elf annihilator
  4193 | D        | Killed a deep elf master archer
  4193 | D        | Reached skill level 20 in Stealth
  4234 | D        | Noticed a deep elf annihilator
  4460 | D        | Killed a deep elf annihilator
  4628 | D        | Got a crude steel ring
  4628 | D        | Got a coiled copper ring
  4660 | D        | Identified the ring "Latymumi" {rC+ Int+5 Dex+2} (You took it off a deep elf master archer in the Dungeon)
  4661 | D        | Identified the ring of Amorality {rF+ rC+++ rN+ Int+4 Stlth-} (You took it off a deep elf annihilator in the Dungeon)
  5016 | D        | Noticed Dowan
  5016 | D        | Noticed Duvessa
  5028 | D        | Killed Dowan
  5028 | D        | Reached skill level 15 in Short Blades
  5028 | D        | Killed Duvessa
  5371 | D        | Reached skill level 5 in Charms
  5420 | D        | Reached skill level 5 in Translocations
  5420 | D        | Reached skill level 5 in Transmutations
  5422 | D        | Reached XP level 14. HP: 74/74 MP: 32/35
  5525 | D        | Gained mutation: You are dopey. (Int -2) [mutagenic glow]
  5914 | D        | Found Taluth's Magic Scroll Emporium.
  5914 | D        | Found Kiomiub's Food Shop.
  5914 | D        | Found Uhilois's Book Shoppe.
  5914 | D        | Found Tuzal's Gadget Boutique.
  5914 | D        | Found Qiasuuk's Gadget Emporium.
  5914 | D        | Found Zohimu's Antique Armour Shop.
  5914 | D        | Found Sonun's Antique Armour Emporium.
  5914 | D        | Found Emuudox's Magic Scroll Boutique.
  5915 | D        | Found Kisaacarch's Antique Armour Boutique.
  5915 | D        | Found Gaofer's Antique Weapon Shoppe.
  5915 | D        | Found Kuzeeqem's Jewellery Shop.
  5915 | D        | Found Saiderche's Distillery.
  5928 | D        | Bought a potion of resistance for 140 gold pieces
  5928 | D        | Bought a potion of heal wounds for 70 gold pieces
  5928 | D        | Bought 2 potions of cure mutation for 980 gold pieces
  5928 | D        | Bought a potion of curing for 42 gold pieces
  5928 | D        | Bought a potion of heal wounds for 70 gold pieces
  5928 | D        | Bought a potion of curing for 42 gold pieces
  5932 | D        | Bought a scroll of identify for 24 gold pieces
  5953 | D        | Bought an embroidered cloak for 90 gold pieces
  5954 | D        | Bought a scroll of identify for 26 gold pieces
  5954 | D        | Bought a scroll of identify for 26 gold pieces
  5954 | D        | Bought a scroll of enchant armour for 97 gold pieces
  5954 | D        | Bought a scroll of identify for 26 gold pieces
  5973 | D        | Bought a scroll of identify for 24 gold pieces
  5973 | D        | Bought a scroll of blinking for 90 gold pieces
  5973 | D        | Bought a scroll of blinking for 90 gold pieces
  5973 | D        | Bought a scroll of enchant weapon for 90 gold pieces
  6166 | D        | HP: 3/74 [yaktaur captain/bolt (42)]
  6200 | D        | Lost mutation: You are dopey. (Int -2) [potion of cure mutation]
  6433 | D        | Learned a level 6 spell: Darkness
  6450 | D        | Noticed Chuck
  6453 | D        | Killed Chuck
  6453 | D        | Reached skill level 21 in Stealth
  6566 | D        | Noticed Norris
  6651 | D        | Killed Norris
  6824 | D        | Noticed a lich
  6826 | D        | Killed a lich
  6826 | D        | Reached skill level 5 in Shields
  6854 | D        | Noticed a shadow dragon
  6854 | D        | Noticed a shadow dragon
  6856 | D        | Killed a shadow dragon
  6858 | D        | Killed a shadow dragon
  6905 | D        | Gained mutation: You regenerate slowly when monsters are visible. [a neqoxec]
  6913 | D        | Gained mutation: You are frail (-10% HP). [a neqoxec]
  7039 | D        | Reached skill level 10 in Poison Magic
  7051 | D        | Killed Nessos
  7236 | D        | Noticed a bone dragon
  7238 | D        | Killed a bone dragon
  7238 | D        | Reached skill level 22 in Stealth
  7238 | D        | Reached skill level 5 in Earth Magic
  7348 | D        | Noticed a bone dragon
  7350 | D        | Killed a bone dragon
  7358 | D        | Noticed a bone dragon
  7360 | D        | Killed a bone dragon
  7360 | D        | Reached XP level 15. HP: 69/69 MP: 37/37
  7490 | D        | Noticed a sphinx
  7490 | D        | Noticed a sphinx
  7493 | D        | Killed a sphinx
  7494 | D        | Killed a sphinx
  7494 | D        | Reached skill level 10 in Air Magic
  7928 | D        | Noticed a greater mummy
  7928 | D        | Noticed a greater mummy
  8230 | D        | Reached skill level 23 in Stealth
  8767 | D        | Killed a greater mummy
  8767 | D        | Reached skill level 10 in Fighting
  8767 | D        | Reached skill level 10 in Translocations
  8767 | D        | Reached skill level 10 in Ice Magic
  9111 | D        | Killed a greater mummy
  9111 | D        | Lost strength.
  9111 | D        | Reached skill level 10 in Charms
  9272 | D        | Got a golden rune of Zot
  9280 | D        | Got a crude ice dragon armour
  9291 | D        | Identified the cursed +1 ice dragon armour of Pride {*Confuse rElec rPois rF- rC++ Dex-5} (You found it in the Dungeon)
  9305 | D        | Identified the Catalogue of Noxious Dark Rites
  9307 | D        | Identified the Tome of Dark Protection
  9734 | D        | Reached skill level 10 in Transmutations
  9850 | D        | Noticed a quicksilver dragon
  9851 | D        | Noticed a golden dragon
  9851 | D        | Noticed a quicksilver dragon
  9851 | D        | Noticed a shadow dragon
  9851 | D        | Noticed a golden dragon
  9851 | D        | Noticed a quicksilver dragon
  9851 | D        | Noticed a shadow dragon
 10283 | D        | Killed a shadow dragon
 10431 | D        | Reached skill level 24 in Stealth
 10447 | D        | Learned a level 6 spell: Invisibility
 10594 | D        | Killed a quicksilver dragon
 10594 | D        | Reached XP level 16. HP: 43/68 MP: 14/40
 10815 | D        | Killed a golden dragon
 11565 | D        | Killed a quicksilver dragon
 11565 | D        | Reached skill level 15 in Hexes
 11771 | D        | Killed a golden dragon
 11771 | D        | Reached skill level 10 in Armour
 12027 | D        | Killed a quicksilver dragon
 12459 | D        | Got a silver rune of Zot
 12668 | D        | Got a bloodstained fire dragon armour
 12679 | D        | Identified the +1 fire dragon armour of Daisies {rF++ rC- Regen+ Int-2 Dex+7} (You acquired it in the Dungeon)
 12730 | D        | Bought a scroll of remove curse for 36 gold pieces
 12814 | D        | Reached skill level 25 in Stealth
 12908 | D        | Reached skill level 10 in Shields
 12960 | D        | Noticed Azrael
 12962 | D        | Killed Azrael
 13033 | D        | Got a scorched golden ring
 13035 | D        | Identified the ring "Liac Goff" {rElec rC+ Dex+5} (You acquired it in the Dungeon)
 13403 | D        | Found Odaid's Armour Emporium.
 13403 | D        | Found Tuyho's Food Shop.
 13403 | D        | Found Rogg's Gadget Shop.
 13403 | D        | Found Ymuarr's Food Shoppe.
 13420 | D        | Found Unta's Food Boutique.
 13504 | D        | Noticed Roxanne
 13557 | D        | Killed Roxanne
 13561 | D        | Identified Roxanne's Reference Book on Excruciating Stones (You took it off Roxanne in the Dungeon)
 13874 | D        | Reached skill level 10 in Conjurations
 13908 | D        | Noticed Mara
 13950 | D        | Noticed Kidiri's illusion
 13980 | D        | Killed Mara
 14169 | D        | Noticed an ancient champion
 14170 | D        | Killed an ancient champion
 14258 | D        | Noticed Boris
 14359 | D        | Killed Boris
 14359 | D        | Reached skill level 26 in Stealth
 14384 | D        | Noticed Mennas
 14386 | D        | Killed Mennas
 14386 | D        | Reached XP level 17. HP: 68/70 MP: 38/43
 14650 | D        | Learned a level 6 spell: Iron Shot
 14697 | D        | Noticed Nikola
 14702 | D        | Killed Nikola
 15264 | D        | Reached skill level 27 in Stealth
 15293 | D        | Reached skill level 10 in Earth Magic
 15587 | D        | Reached skill level 15 in Translocations
 15591 | D        | Reached skill level 15 in Charms
 15971 | D        | Noticed a Killer Klown
 15973 | D        | Killed a Killer Klown
 16057 | D        | Noticed an Orb Guardian
 16057 | D        | Noticed an Orb Guardian
 16066 | D        | Killed an Orb Guardian
 16087 | D        | Slain by an Orb Guardian

Vault maps used:
D:        dungeon_sprint_mu

Action                   |  1- 3 |  4- 6 |  7- 9 | 10-12 | 13-15 | 16-18 || total
-------------------------+-------+-------+-------+-------+-------+-------++-------
Melee: Dagger            |    22 |    18 |    12 |    88 |   304 |       ||   444
       Short sword       |       |       |       |       |   255 |    43 ||   298
       Quick blade       |       |       |       |       |       |   325 ||   325
Throw: Throwing net      |       |       |       |       |     6 |       ||     6
 Cast: Corona            |     3 |       |       |       |       |       ||     3
       Dazzling Spray    |       |     8 |       |    10 |    72 |    33 ||   123
       Olgreb's Toxic Ra |       |       |     1 |     1 |     8 |     1 ||    11
       Confuse           |       |       |     1 |     3 |    19 |    11 ||    34
       Ensorcelled Hiber |       |       |       |    30 |    23 |    11 ||    64
       Cure Poison       |       |       |       |     2 |     7 |     1 ||    10
       Venom Bolt        |       |       |       |     5 |    43 |    41 ||    89
       Passage of Golubr |       |       |       |       |     4 |       ||     4
       Lee's Rapid Decon |       |       |       |       |     9 |    41 ||    50
       Tukima's Dance    |       |       |       |       |    12 |    11 ||    23
       Darkness          |       |       |       |       |     1 |     3 ||     4
       Mephitic Cloud    |       |       |       |       |     1 |       ||     1
       Invisibility      |       |       |       |       |       |     3 ||     3
Invok: Shadow Step       |       |       |       |    10 |    18 |    10 ||    38
 Abil: Evoke Flight      |       |       |       |       |       |     5 ||     5
  Use: Potion            |     1 |     6 |       |       |     6 |     1 ||    14
       Scroll            |       |       |       |       |    15 |     8 ||    23
 Stab: Sleeping          |     5 |     5 |    11 |    53 |    73 |    39 ||   186
       Confused          |       |       |     1 |     3 |     8 |     5 ||    17
       Invisible         |       |       |       |       |     8 |     8 ||    16
       Held in net/web   |       |       |       |       |     7 |       ||     7
       Distracted        |       |       |       |       |     3 |     3 ||     6
  Eat: Bread ration      |       |       |       |     1 |       |       ||     1
       Fruit             |       |       |       |       |    10 |       ||    10
       Royal jelly       |       |       |       |       |       |     3 ||     3
